 Dungeon Crawl Stone Soup version 0.20.0-8-g6b59dc7 (webtiles) character file.

666 miragecloak the Insei (level 7, -1/43 HPs)
             Began as an Octopode Transmuter on June 2, 2017.
             Slain by Pikel
             ... wielding a +2 whip of flaming
              (3 damage)
             ... on level 5 of the Dungeon.
             The game lasted 00:07:04 (5635 turns).

miragecloak the Insei (Octopode Transmuter)         Turns: 5635, Time: 00:07:04

Health: -1/43      AC:  2    Str:  9      XL:     7   Next: 57%
Magic:  7/10       EV: 25    Int: 15      God:
Gold:   121        SH:  0    Dex: 20 (25) Spells: 6/10 levels left

rFire    . . .     SeeInvis .     - Unarmed
rCold    . . .     Gourm    .   (shield currently unavailable)
rNeg     . . .     Faith    .   (helmet currently unavailable)
rPois    x         Spirit   .   (no amulet)
rElec    .         Reflect  .   (no ring)
rCorr    .         Harm     .   (no ring)
MR       .....                  (no ring)
Stlth    +++.......             (no ring)
Regen    0.2/turn               (no ring)
MPRegen  0.2/turn               (no ring)
                                (no ring)
                                (no ring)

@: agile, spider-form
A: almost no armour, stealthy swim, (amphibious), 8 rings, (constrict 8)
a: End Transformation


You were on level 5 of the Dungeon.
You were very hungry.
You were a venomous arachnid creature.
You visited 1 branch of the dungeon, and saw 5 of its levels.
You also visited: Sewer.

You collected 121 gold pieces.

Inventory:

Missiles
 a - 71 arrows
Armour
 p - a +2 buckler
Jewellery
 o - an uncursed amulet of guardian spirit {unknown}
Wands
 q - a wand of disintegration (16/24)
Scrolls
 e - 9 scrolls of identify {unknown}
 g - 4 scrolls of teleportation
 j - 2 scrolls of recharging {unknown}
 k - a scroll of fear {unknown}
 l - 3 scrolls of enchant weapon {unknown}
 n - a scroll of immolation {unknown}
 t - a scroll of magic mapping {unknown}
 v - a scroll of remove curse {unknown}
 w - a scroll of noise {unknown}
Potions
 d - 3 potions of agility
 h - 3 potions of magic
 r - 4 potions of heal wounds {unknown}
 s - 2 potions of curing
 u - a potion of cancellation {unknown}
 x - 2 potions of berserk rage {unknown}
 z - a potion of resistance {unknown}
Books
 b - a book of Changes

   Spells                             Type                      Level
   a - Beastly Appendage              Transmutation                1
   b - Sticks to Snakes               Transmutation                2
   c - Spider Form                    Transmutation/Poison         3
   d - Ice Form                       Ice/Transmutation            4
   e - Blade Hands                    Transmutation                5
Comestibles
 c - 4 bread rations
 f - 4 fruits
 i - a royal jelly
 m - 4 meat rations


   Skills:
 - Level 1.0 Fighting
 - Level 2.0 Dodging
 + Level 7.2 Unarmed Combat
 - Level 2.0 Spellcasting
 - Level 4.0 Transmutations
 - Level 3.1 Poison Magic


You had 6 spell levels left.
You knew the following spells:

 Your Spells              Type           Power        Failure   Level  Hunger
a - Beastly Appendage     Tmut           ##....       13%         1    #......
b - Spider Form           Tmut/Pois      ##........   34%         3    ###....


Dungeon Overview and Level Annotations

Branches:
Dungeon (5/15)
 Temple: D:4-7

Altars:
Makhleb
Ru
Zin

Annotations:
D:3 Sigmund
D:5 Pikel


Innate Abilities, Weirdness & Mutations

You cannot wear most types of armour.
You are very stealthy in the water. (Stealth+)
((You are amphibious.))
You can wear up to eight rings at the same time.
((You can use your tentacles to constrict eight enemies at once.))
((Your skin changes colour to match your surroundings (Stealth+).))
((Your rubbery body absorbs attacks. (AC +1, EV +1)))


Message History

You barely miss Pikel.
Pikel is lightly wounded.
Pikel barely misses you.
You hit Pikel but do no damage.
Pikel looks as sick as possible!
Pikel is moderately wounded.
Pikel closely misses you.
You hit Pikel.
Pikel looks as sick as possible!
Pikel is heavily wounded.
You hit Pikel but do no damage.
Pikel looks as sick as possible!
Pikel is heavily wounded.
Pikel misses you.
You hit Pikel.
Pikel is severely wounded.
Pikel closely misses you.
You hit Pikel.
Pikel looks as sick as possible!
Pikel is almost dead.
Pikel hits you with a whip of flaming!
* * * LOW HITPOINT WARNING * * *
Pikel burns you.
You die...

####################
...'.................#
...#.................#
...#..##..##...##....#
...#..##..##...##....#
..##..##........+....
..######.......##..###########
..# #.......##..#..........
..# #.......Ks..#..........
..# #..###..##..#.....$....
..#....#..###..#####..........
..#....#.......#..............
..#....#.......#....##+##..K..
..#....######'##....'...# ...
..#.................#...# .
'##.............##'##...#
.)#.............#.......#


You could see Pikel.

Vanquished Creatures
  The ghost of 4thArraOfDagon the Slasher, an amateur BaFi of Cheibriados (D:5)
  2 slaves
  An ogre (D:4)
  Blork the orc (D:5)
  A scorpion (D:5)
  A jelly (D:5)
  A hound (D:5)
  A quasit (D:5)
  A worker ant (D:5)
  A howler monkey zombie (D:5)
  Robin (D:3)
  6 adders
  A shadow imp (D:5)
  An adder skeleton (D:4)
  3 worms
  4 dart slugs
  4 leopard geckos
  2 orcs
  4 giant cockroaches
  18 goblins
  10 hobgoblins
  3 jackals (D:1)
  A quokka (D:3)
  7 ball pythons
  8 bats
  11 frilled lizards
  A jackal skeleton (D:4)
  8 kobolds
  A quokka skeleton (D:4)
  11 rats
116 creatures vanquished.

Notes
Turn   | Place    | Note
-------+----------+-------------------------------------------
     0 | D:1      | miragecloak the Octopode Transmuter began the quest for the Orb.
     0 | D:1      | Reached XP level 1. HP: 13/13 MP: 3/3
   115 | D:1      | Reached XP level 2. HP: 4/18 MP: 3/5
  1062 | D:1      | Reached XP level 3. HP: 22/23 MP: 6/6
  1067 | D:1      | Learned a level 3 spell: Spider Form
  1402 | D:2      | Reached skill level 1 in Poison Magic
  1890 | D:2      | Reached XP level 4. HP: 28/28 MP: 4/7
  2195 | D:3      | Noticed Sigmund
  2272 | D:3      | Found a faded altar of an unknown god.
  2364 | D:3      | HP: 1/28 [poisoned by an adder]
  2665 | D:3      | Found a glowing drain.
  2686 | Sewer    | Entered a sewer
  3180 | D:3      | Reached XP level 5. HP: 33/33 MP: 5/8
  3229 | D:3      | Noticed Robin
  3458 | D:3      | Killed Robin
  3497 | D:3      | Found a burning altar of Makhleb.
  3502 | D:3      | Found a glowing silver altar of Zin.
  3502 | D:3      | Noticed a blizzard demon
  3502 | D:3      | Noticed an angel
  4039 | D:4      | Noticed an ogre
  4054 | D:4      | Killed an ogre
  4054 | D:4      | Reached skill level 4 in Unarmed Combat
  4054 | D:4      | Reached XP level 6. HP: 38/38 MP: 7/9
  4186 | D:4      | Found a sacrificial altar of Ru.
  4421 | D:5      | Entered Level 5 of the Dungeon
  4425 | D:5      | Noticed a slave
  4425 | D:5      | Noticed a slave
  4428 | D:5      | Noticed a slave
  4429 | D:5      | Noticed Pikel
  4430 | D:5      | Noticed a slave
  4457 | D:4      | Killed a slave
  4771 | D:5      | Reached skill level 5 in Unarmed Combat
  5063 | D:5      | Noticed Blork the orc
  5072 | D:5      | Killed Blork the orc
  5215 | D:5      | Noticed 4thArraOfDagon's ghost (amateur BaFi)
  5232 | D:5      | Killed 4thArraOfDagon's ghost
  5232 | D:5      | Reached skill level 6 in Unarmed Combat
  5232 | D:5      | Reached XP level 7. HP: 19/43 MP: 7/10
  5488 | D:5      | Reached skill level 7 in Unarmed Combat
  5635 | D:5      | HP: 2/43 [Pikel/whip of flaming (9)]
  5635 | D:5      | Slain by Pikel

Skill      XL: |  1  2  3  4  5  6  7 |
---------------+----------------------+-----
Transmutations | 3 4 |  4.0
Poison Magic   | 1 2 3 |  3.1
Unarmed Combat | 4 6 7 |  7.2
Fighting       | |  1.0
Dodging        | |  2.0
Spellcasting   | |  2.0

Action                   |  1- 3 |  4- 6 |  7- 9 || total
-------------------------+-------+-------+-------++-------
Melee: Unarmed           |    38 |   171 |    31 ||   240
       Constrict         |    27 |    22 |     1 ||    50
       Kick              |     8 |       |       ||     8
       Tentacles         |    15 |    10 |       ||    25
       Punch             |     5 |     2 |       ||     7
       Dagger            |    51 |    16 |       ||    67
 Cast: Beastly Appendage |    12 |       |       ||    12
       Spider Form       |       |    27 |     7 ||    34
  Use: Potion            |       |     4 |     1 ||     5
       Scroll            |       |     1 |       ||     1
 Stab: Sleeping          |     4 |     3 |       ||     7
  Eat: Chunk             |     3 |    12 |       ||    15
       Bread ration      |       |     1 |       ||     1
Armor: Skin              |    12 |    14 |     5 ||    31
Dodge: Dodged            |    61 |   126 |    67 ||   254
